Map: Void Training Stage 3

Players

Player 2

  • Race: Zerg Zerg
  • Spawn Location: 12:00

grillbottom - Winner!

  • Race: Protoss Protoss
  • Spawn Location: 6:00

VOD

Have the link to the VOD?

Description

Time

  • Played on: Dec. 12, 2020, 4:24 a.m.
  • Length: 14:34
Show
View Real Time Build Order
Export as new Build Order

Player 2 Zerg 

Build Orders: 1 Base Baneling Bust, Pool First 

Get SALT Encoding   

  12  0:00  Drone  
  13  0:13  Overlord  
  13  0:18  Drone  
  14  0:31  Drone  
  14  0:34  Drone  
  16  0:43  Spawning Pool  
  16  0:45  Drone  
  16  0:50  Drone  
  16  0:52  Extractor  
  16  0:56  Drone  
  17  1:06  Overlord  
  17  1:31  Zergling x2  
  17  1:32  Queen  
  20  1:39  Drone  
  21  1:41  Roach Warren  
  21  1:42  Zergling x2  
  21  1:43  Extractor  
  20  1:50  Drone  
  21  2:00  Drone  
  22  2:10  Overlord  
  22  2:22  Roach  
  24  2:32  Roach  
  26  2:43  Roach  
  28  2:46  Overlord  
  28  2:51  Drone  
  28  2:54  Roach  
  31  2:59  Drone  
  32  3:10  Roach, Drone  
  32  3:11  Baneling Nest  
  34  3:13  Drone  
  35  3:21  Drone  
  36  3:30  Evolution Chamber  
  36  3:32  Roach  
  37  3:42  Drone  
  37  3:44  Drone  
  37  3:46  Overlord  
  37  3:47  Drone  
  40  5:15  Overlord, Lair, Drone  
  40  5:17  Spore Crawler  
  40  5:18  Drone  
  40  5:19  Spore Crawler  
  40  5:21  Drone  
  41  5:23  Drone  
  42  5:36  Evolution Chamber  
  42  5:37  Drone  
  42  5:46  Spine Crawler  
  41  5:52  Spine Crawler  
  41  5:53  Drone  
  41  6:03  Zergling x2  
  36  6:12  Queen, Overseer x2  
  36  6:14  Roach  
  36  6:16  Spire  
  36  6:17  Drone  
  38  6:19  Hydralisk Den  
  38  6:20  Drone  
  38  6:21  Infestation Pit  
  38  6:23  Drone  
  38  6:25  Roach  
  34  6:35  Roach  
  36  6:43  Hatchery  
  36  6:46  Roach  
  37  6:53  Drone  
  38  6:57  Roach  
  40  7:07  Hydralisk  
  42  7:17  Hydralisk  
  44  7:28  Hydralisk  
  46  7:39  Hydralisk  
  48  7:55  Drone  
  48  7:56  Queen  
  48  7:58  Spore Crawler, Drone  
  50  8:00  Spore Crawler  
  50  8:01  Spore Crawler, Drone  
  50  8:04  Drone  
  51  8:07  Drone  
  51  8:10  Drone  
  53  8:13  Drone  
  53  8:15  Drone  
  53  8:18  Drone  
  56  8:20  Overseer  
  56  8:21  Overlord, Drone  
  56  8:24  Spine Crawler, Drone  
  56  8:26  Spine Crawler  
  56  8:27  Drone  
  56  8:30  Drone  
  56  8:33  Drone  
  59  8:36  Drone  
  59  8:39  Drone  
  61  8:47  Overlord  
  61  8:48  Drone  
  62  8:51  Drone  
  62  8:54  Drone  
  64  8:59  Drone  
  64  9:01  Drone  
  66  9:09  Drone  
  67  9:12  Hydralisk, Pneumatized Carapace  
  67  9:13  Zerg Melee Weapons Level 1, Overseer  
  67  9:16  Overlord  
  69  9:17  Zerg Ground Armor Level 1  
  69  9:25  Burrow  
  69  9:45  Zergling x2  
  69  9:52  Roach  
  63  9:56  Hive  
  63  9:58  Roach  
  55  10:04  Extractor  
  55  10:05  Roach  
  57  10:07  Drone  
  57  10:11  Roach, Extractor  
  58  10:17  Hydralisk  
  60  10:23  Hydralisk  
  62  10:30  Hydralisk  
  62  10:34  Drone  
  65  10:37  Hydralisk, Drone  
  65  10:40  Drone  
  69  10:44  Overlord, Roach, Ravager x2  
  73  10:51  Roach  
  75  11:08  Zerg Missile Weapons Level 1  
  75  11:10  Greater Spire  
  75  11:14  Ultralisk Cavern  
  74  11:25  Zergling x2  
  74  11:28  Hatchery  
  74  11:32  Queen, Roach  
  64  11:38  Hydralisk  
  53  11:42  Overseer  
  53  11:43  Overlord  
  53  11:44  Hydralisk  
  55  11:49  Drone  
  55  11:51  Hydralisk  
  55  11:52  Drone  
  50  11:57  Spine Crawler  
  50  11:59  Drone  
  42  12:02  Drone  
  42  12:05  Drone  
  42  12:10  Overseer  
  42  12:11  Hydralisk  
  40  12:18  Roach  
  35  12:24  Hydralisk  
  35  12:25  Overseer  
  33  12:31  Overseer, Roach  
  33  12:35  Overlord  
  33  12:37  Drone  
  33  12:38  Zergling x2  
  33  12:44  Hydralisk, Roach  
  36  12:50  Mutalisk  
  36  12:52  Extractor  
  36  12:57  Drone  
  36  12:58  Roach  
  36  13:04  Hydralisk  
  31  13:05  Drone  
  29  13:12  Roach  
  29  13:15  Evolution Chamber  
  29  13:19  Hydralisk  
  13  13:34  Spawning Pool  
  13  13:40  Spawning Pool  
  5  14:06  Drone  
  5  14:15  Drone  
  5  14:16  Drone  
Show
View Real Time Build Order
Export as new Build Order

grillbottom Protoss - Winner!

Build Orders: 1 Gate Expand 

Get SALT Encoding   

  12  0:04  Probe  
  13  0:16  Probe  
  14  0:22  Pylon  
  14  0:28  Probe  
  15  0:40  Probe  
  16  0:44  Gateway  
  16  0:48  Assimilator  
  16  0:53  Probe  
  17  1:06  Probe  
  18  1:18  Probe  
  19  1:32  Nexus  
  19  1:45  Probe, Cybernetics Core  
  20  1:51  Assimilator  
  20  1:57  Probe  
  20  2:00  Pylon  
  21  2:27  Adept  
  23  2:36  Warp Gate  
  23  2:44  Probe  
  24  2:56  Probe  
  24  2:57  Stalker  
  27  3:05  Robotics Facility  
  27  3:27  Sentry  
  27  3:33  Probe  
  30  3:45  Probe  
  30  3:46  Pylon  
  31  3:54  Observer  
  32  3:57  Probe  
  33  4:05  Gateway  
  33  4:08  Gateway  
  33  4:09  Probe  
  34  4:16  Observer  
  35  4:19  Assimilator  
  35  4:21  Probe  
  36  4:24  Assimilator  
  36  4:32  Pylon  
  36  4:33  Probe  
  37  4:44  Observer, Forge  
  38  4:46  Probe  
  39  4:58  Probe  
  40  5:05  Pylon  
  40  5:08  Stalker  
  40  5:09  Stalker x2  
  40  5:10  Probe  
  47  5:34  Probe  
  48  5:47  Probe  
  49  5:59  Probe  
  46  6:11  Probe  
  45  6:21  Pylon  
  45  6:24  Probe  
  44  6:29  Stalker x2  
  44  6:30  Stalker  
  50  6:46  Robotics Bay  
  50  7:10  Stalker x3  
  56  7:49  Colossus  
  62  7:59  Pylon  
  62  8:01  Protoss Ground Weapons Level 1  
  62  8:04  Extended Thermal Lance  
  62  8:05  Sentry  
  62  8:06  Stalker x2  
  68  8:21  Gateway  
  68  8:23  Gateway  
  68  8:25  Gateway  
  68  8:40  Pylon  
  68  8:43  Colossus  
  74  8:53  Photon Cannon  
  74  8:57  Photon Cannon  
  74  9:00  Shield Battery  
  74  9:01  Shield Battery  
  74  9:03  Shield Battery  
  74  9:05  Shield Battery  
  74  9:20  Zealot x3  
  74  9:21  Zealot  
  74  9:22  Zealot  
  84  9:30  Pylon  
  84  9:31  Pylon  
  84  9:33  Pylon  
  84  9:45  Zealot  
  84  9:46  Zealot x4  
  90  10:19  Protoss Ground Armor Level 1  
  90  10:24  Colossus (Chrono Boost)  
  96  10:31  Pylon x2  
  96  10:33  Pylon  
  96  10:37  Stalker x3  
  96  10:38  Stalker  
  96  10:39  Zealot x2  
  108  11:04  Zealot x3  
  110  11:05  Zealot, Stalker  
  110  11:06  Stalker  
  120  11:14  Colossus (Chrono Boost)  
  120  11:17  Pylon  
  120  11:18  Pylon  
  126  11:21  Pylon  
  126  11:23  Pylon  
  112  11:51  Stalker x3  
  112  11:52  Zealot x3  
  124  12:01  Colossus  
  130  12:31  Stalker x2  
  130  12:32  Stalker  
  130  12:33  Zealot x3  
  127  12:55  Immortal  
  127  13:00  Zealot  
  127  13:01  Zealot x4  
  127  13:02  Zealot  
  129  13:24  Gravitic Boosters  
  127  13:33  Colossus  
  131  14:00  Zealot x4  
  131  14:01  Stalker x2  
Tags
 
Add a new tag
Caveats
  • Supply blocks, unpowered buildings, or Contaminate may cause inaccurate times.
  • Supply counts are checked every 10 seconds.